Map: [ESL] Stargazers

Players

Classic - Winner!

  • Race: Protoss Protoss
  • Spawn Location: 11:00

Astrea

  • Race: Protoss Protoss
  • League: Grandmaster
  • Spawn Location: 1:00

Event: TSL 9

VOD

Have the link to the VOD?

Description

Time

  • Played on: Aug. 7, 2022, 12:05 p.m.
  • Length: 11:41

All games in this series

Show
View Real Time Build Order
Export as new Build Order

Classic Protoss - Winner!

Build Orders: 1 Gate Expand, Oracle Opening 

Get SALT Encoding   

  12  0:00  Probe  
  13  0:12  Probe  
  14  0:17  Pylon  
  14  0:24  Probe  
  15  0:35  Gateway  
  15  0:37  Probe (Chrono Boost)  
  16  0:47  Probe (Chrono Boost), Assimilator  
  17  0:52  Probe (Chrono Boost)  
  18  0:58  Assimilator  
  18  1:04  Probe  
  19  1:16  Probe  
  20  1:25  Nexus  
  20  1:29  Probe  
  21  1:39  Cybernetics Core  
  21  1:42  Probe  
  22  1:47  Assimilator  
  22  1:53  Pylon  
  22  1:57  Probe  
  23  2:11  Probe  
  23  2:12  Adept (Chrono Boost)  
  26  2:21  Stargate  
  26  2:23  Probe  
  27  2:30  Warp Gate  
  27  2:35  Probe (Chrono Boost)  
  28  2:39  Stalker  
  28  2:43  Probe (Chrono Boost)  
  31  2:48  Probe (Chrono Boost)  
  33  2:52  Probe (Chrono Boost)  
  33  2:55  Probe (Chrono Boost)  
  33  2:57  Probe (Chrono Boost)  
  34  3:00  Pylon  
  34  3:05  Oracle (Chrono Boost)  
  34  3:09  Probe  
  34  3:10  Probe  
  39  3:21  Probe  
  39  3:22  Probe  
  39  3:26  Twilight Council  
  41  3:27  Gateway  
  41  3:34  Probe x2, Gateway  
  43  3:46  Probe x2  
  43  3:48  Stalker  
  45  3:56  Pylon  
  45  4:00  Shield Battery  
  49  4:05  Shield Battery, Void Ray (Chrono Boost)  
  49  4:07  Probe  
  50  4:14  Assimilator  
  50  4:15  Probe  
  50  4:29  Stalker x3  
  56  4:42  Pylon  
  56  4:54  Probe x2  
  56  4:55  Stalker  
  56  4:56  Stalker  
  62  5:00  Stalker, Pylon  
  60  5:13  Probe x2  
  60  5:15  Blink (Chrono Boost)  
  60  5:19  Stalker x2  
  58  5:32  Nexus  
  58  5:33  Pylon  
  58  5:34  Stalker  
  60  5:38  Probe x2  
  62  5:47  Stalker x2  
  66  5:50  Probe x2  
  66  5:53  Forge  
  68  6:02  Robotics Facility, Probe x2 (Chrono Boost)  
  68  6:03  Pylon  
  72  6:12  Probe x2 (Chrono Boost)  
  72  6:17  Probe x2 (Chrono Boost), Stalker x3  
  75  6:22  Shield Battery  
  77  6:28  Protoss Ground Weapons Level 1, Probe  
  77  6:29  Probe  
  77  6:36  Gateway  
  77  6:41  Gateway  
  77  6:48  Stalker x2  
  77  6:49  Stalker  
  77  6:51  Probe x3  
  86  6:56  Gateway  
  86  6:57  Gateway  
  86  7:01  Gateway  
  86  7:12  Stalker x3  
  90  7:23  Warp Prism  
  91  7:30  Stalker  
  87  7:40  Stalker x2  
  87  7:41  Stalker x2  
  76  7:52  Zealot x2  
  76  7:53  Probe x3  
  76  7:56  Zealot  
  76  7:57  Pylon  
  85  8:04  Stalker x4  
  93  8:07  Nexus  
  93  8:09  Pylon  
  93  8:11  Probe x3  
  96  8:15  Stalker x2  
  100  8:25  Probe x3  
  101  8:37  Stalker x2  
  101  8:38  Zealot x2, Stalker  
  101  8:39  Zealot  
  98  8:43  Zealot  
  88  9:03  Stalker x3  
  88  9:04  Stalker  
  75  10:13  Probe x3  
  78  10:20  Pylon  
  36  11:22  Probe x2  
  36  11:23  Probe  
  36  11:25  Zealot x3  
Show
View Real Time Build Order
Export as new Build Order

Astrea Protoss 

Build Orders: Nexus First 

Get SALT Encoding   

  12  0:00  Probe  
  13  0:12  Probe  
  14  0:17  Pylon  
  14  0:24  Probe  
  15  0:36  Probe  
  16  0:49  Probe  
  17  1:00  Nexus  
  17  1:10  Gateway  
  17  1:13  Probe (Chrono Boost)  
  18  1:19  Assimilator  
  18  1:25  Probe (Chrono Boost)  
  19  1:30  Probe (Chrono Boost), Assimilator  
  20  1:39  Probe  
  21  1:43  Gateway  
  21  1:51  Probe  
  22  1:57  Cybernetics Core  
  22  2:04  Probe (Chrono Boost)  
  23  2:10  Pylon  
  23  2:13  Probe (Chrono Boost)  
  24  2:21  Probe (Chrono Boost)  
  26  2:23  Probe (Chrono Boost)  
  26  2:28  Probe (Chrono Boost)  
  27  2:31  Probe, Stalker (Chrono Boost)  
  27  2:32  Stalker (Chrono Boost)  
  27  2:34  Warp Gate (Chrono Boost)  
  32  2:40  Probe  
  32  2:43  Probe  
  33  2:52  Probe  
  33  2:54  Stalker  
  36  2:59  Probe  
  36  3:05  Probe  
  38  3:06  Stalker  
  38  3:11  Probe  
  41  3:14  Shield Battery  
  41  3:17  Probe  
  41  3:19  Shield Battery  
  42  3:23  Probe  
  42  3:26  Pylon  
  43  3:29  Probe  
  43  3:31  Pylon  
  44  3:35  Probe  
  45  3:43  Stalker  
  45  3:44  Probe, Stalker  
  45  3:47  Probe  
  49  3:51  Gateway  
  49  3:56  Probe  
  49  3:57  Assimilator  
  49  3:58  Twilight Council  
  49  4:01  Pylon  
  50  4:06  Probe  
  50  4:09  Probe  
  52  4:18  Probe  
  52  4:21  Probe, Stalker  
  52  4:23  Stalker  
  58  4:30  Probe  
  59  4:33  Probe  
  55  4:40  Stalker  
  55  4:41  Stalker  
  55  4:42  Probe  
  58  4:45  Probe  
  58  4:46  Stalker  
  57  4:58  Probe  
  58  5:00  Pylon  
  58  5:02  Stalker x2  
  58  5:05  Probe  
  59  5:10  Probe  
  56  5:17  Probe, Stalker  
  55  5:22  Probe  
  54  5:29  Nexus, Blink (Chrono Boost)  
  54  5:31  Shield Battery  
  54  5:32  Stalker  
  55  5:38  Stalker  
  56  5:45  Gateway  
  56  5:47  Gateway  
  55  5:51  Pylon  
  55  5:54  Probe x2  
  57  5:59  Stalker  
  59  6:04  Stalker  
  59  6:06  Probe  
  59  6:09  Probe  
  63  6:18  Probe  
  64  6:19  Robotics Facility  
  64  6:21  Probe  
  64  6:25  Pylon  
  65  6:30  Probe  
  65  6:31  Stalker x2  
  70  6:40  Probe  
  70  6:42  Shield Battery, Probe  
  70  6:43  Probe  
  70  6:46  Adept x2  
  77  6:53  Probe  
  78  6:54  Stalker x2  
  78  6:56  Pylon  
  78  6:59  Gateway  
  78  7:00  Gateway  
  79  7:12  Stalker x2  
  78  7:17  Probe  
  78  7:21  Stalker x2  
  78  7:25  Probe  
  78  7:31  Probe  
  78  7:35  Probe  
  73  7:37  Stalker x2  
  73  7:38  Probe  
  73  7:43  Probe  
  73  7:47  Probe  
  73  7:50  Probe  
  73  7:55  Probe  
  73  7:58  Pylon  
  72  7:59  Probe  
  72  8:01  Stalker x4  
  72  8:03  Probe  
  82  8:06  Shield Battery  
  82  8:07  Probe  
  82  8:11  Observer (Chrono Boost), Probe  
  85  8:15  Probe  
  85  8:19  Probe  
  87  8:23  Probe  
  87  8:24  Stalker x3  
  93  8:27  Probe  
  64  8:50  Stalker x2  
  59  9:01  Shield Battery  
  59  9:02  Shield Battery x2, Pylon  
  52  9:06  Pylon  
  52  9:09  Shield Battery  
  52  9:16  Shield Battery x2  
  51  9:17  Shield Battery  
  51  9:28  Observer  
  50  9:41  Assimilator  
  50  9:42  Assimilator  
  50  9:46  Probe  
  51  10:03  Pylon  
  49  10:28  Pylon  
  49  10:32  Pylon  
  49  10:34  Zealot  
  45  10:37  Zealot  
  37  10:44  Probe  
  28  11:10  Probe  
  19  11:22  Probe  
Tags
 
Add a new tag
Caveats
  • Supply blocks, unpowered buildings, or Contaminate may cause inaccurate times.
  • Supply counts are checked every 10 seconds.